 Dungeon Crawl Stone Soup version 0.23-a0-644-gb60d84b (webtiles) character file.

47 Borgoz the Sneak (level 3, 0/22 HPs)
             Began as a Kobold Assassin on Jan 2, 2019.
             Slain by an orc priest
             ... wielding a +0 dagger
              (4 damage)
             ... on level 3 of the Dungeon.
             The game lasted 00:02:22 (1677 turns).

Borgoz the Sneak (Kobold Assassin)                  Turns: 1677, Time: 00:02:23

Health: 0/22       AC:  3    Str:  9    XL:     3   Next: 97%
Magic:  3/3        EV: 15    Int: 12    God:
Gold:   138        SH:  0    Dex: 16    Spells: 2/2 levels left

rFire    . . .     SeeInvis .   a - +2 dagger
rCold    . . .     Gourm    .   (shield restricted)
rNeg     . . .     Faith    .   c - +0 robe
rPois    .         Spirit   .   (no helmet)
rElec    .         Reflect  .   d - +0 cloak
rCorr    .         Harm     .   (no gloves)
MR       .....                  (no boots)
Stlth    +++.......             (no amulet)
HPRegen  0.07/turn              (no ring)
MPRegen  0.08/turn              (no ring)

@: no status effects
A: small, carnivore
a: no special abilities


You were on level 3 of the Dungeon.
You were full.

You visited 1 branch of the dungeon, and saw 3 of its levels.

You collected 138 gold pieces.

Inventory:

Hand Weapons
 a - a +2 dagger (weapon)
 b - a +0 blowgun
Missiles
 e - 13 poisoned needles
 f - 2 curare-tipped needles
Armour
 c - a +0 robe (worn)
 d - a +0 cloak (worn)
 l - a +0 scale mail
Scrolls
 n - 3 scrolls of teleportation {unknown}
 q - a scroll of fear {unknown}
 r - a scroll of fog {unknown}
Potions
 h - 2 potions of agility {unknown}
 i - a potion of curing {unknown}
 j - a potion of ambrosia {unknown}
 k - a potion of resistance {unknown}
 m - a potion of might {unknown}
 o - a potion of mutation {unknown}
 p - a potion of degeneration {unknown}
Comestibles
 g - 6 rations


   Skills:
 + Level 2.5 Fighting
 * Level 3.7 Short Blades
 - Level 2.1 Throwing
 + Level 2.1 Dodging
 * Level 6.0 Stealth


You had 2 spell levels left.
You didn't know any spells.
Your spell library was empty.

Dungeon Overview and Level Annotations

Branches:
Dungeon (3/15)

Altars:


Innate Abilities, Weirdness & Mutations

You are small and have problems with some larger weapons.
You are carnivorous and can eat meat at any time.


Message History

The poisoned needle hits the orc priest.
The orc priest is poisoned.
Firing (i - inventory. (/) - cycle)
e - 14 poisoned needles (quivered)
Press: ? - help, Shift-Dir - straight line, f/p - orc priest
Aim: an orc priest, wielding a +0 dagger and wearing a +0 scale mail (poisoned)
You shoot a poisoned needle.
The poisoned needle barely misses the orc priest.
a - a +2 dagger (weapon)
You hit the orc priest but do no damage.
The orc priest sings a few bars from the Orcish anthem.
The orc priest hits you with a +0 dagger.
You hit the orc priest but do no damage.
The orc priest mumbles some strange prayers to Beogh against you.
Beogh smites you!
Ouch! That really hurt!
* * * LOW HITPOINT WARNING * * *
You are too injured to fight recklessly!
You barely miss the orc priest.
The orc priest hits you with a +0 dagger.
You die...

..# ..# ...#
...# . ....#
.. ###....##
#.
###........
#.## ##@..#
#...###o?###
###.)#...#
#...[(...#
#..#(........
# ###...###..
#...# #...#
#....


You could see an orc priest.

Vanquished Creatures
  A dart slug (D:1)
  3 leopard geckos
  3 orcs
  2 giant cockroaches (D:2)
  4 goblins
  6 jackals (D:2)
  A quokka (D:2)
  6 bats
  2 frilled lizards (D:1)
  5 kobolds
  2 rats
35 creatures vanquished.

Notes
Turn   | Place    | Note
-------+----------+-------------------------------------------
     0 | D:1      | Borgoz the Kobold Assassin began the quest for the Orb.
     0 | D:1      | Reached XP level 1. HP: 12/12 MP: 1/1
   162 | D:2      | Reached XP level 2. HP: 14/17 MP: 2/2
   546 | D:2      | Reached XP level 3. HP: 22/22 MP: 3/3
  1359 | D:2      | Reached skill level 6 in Stealth
  1428 | D:3      | HP: 1/22 [orc priest/+0 dagger (6)]
  1677 | D:3      | Slain by an orc priest

Vault maps used:
D:1:      dpeg_arrival_round_b, feat_on_display
D:2:      minmay_angry_zag
D:3:      kiku_gazebo_garden_becter, uniq_grinder

Skill      XL: |  1  2  3 |
---------------+----------+-----
Short Blades   | 3 |  3.7
Dodging        | 2 |  2.1
Stealth        | 6 |  6.0
Fighting       | |  2.5
Throwing       | |  2.1

Action                   || total
-------------------------++-------
Melee: Dagger            ||   104
 Fire: Blowgun           ||     2
  Use: Potion            ||     1
 Stab: Sleeping          ||    13
  Eat: Chunk             ||     8
Armor: Robe              ||    20
Dodge: Dodged            ||    65

Table legend:
 A = Non-vault XP
 B = Vault XP
 C = Vault XP percentage of total XP
 D = Non-vault monster count
 E = Vault monster count
 F = Vault count percentage of total count
                 A         B        C        D         E       F
            +---------+---------+-------+---------+---------+-------
      Total |      61 |       7 |  10.3 |      31 |       4 |  11.4
            +---------+---------+-------+---------+---------+-------
        D:1 |      15 |       0 |   0.0 |       8 |       0 |   0.0
        D:2 |      39 |       7 |  15.2 |      20 |       4 |  16.7
        D:3 |       7 |       0 |   0.0 |       3 |       0 |   0.0
            +---------+---------+-------+---------+---------+-------
